 Dungeon Crawl Stone Soup version 0.19-a0-569-g984bae3 (webtiles) character file.

116 shmeve the Insei (level 4, -1/36 HPs)
             Began as a Vampire Monk on June 9, 2016.
             Slain by chicagocrazy's ghost (6 damage)
             ... on level 4 of the Dungeon.
             The game lasted 00:07:06 (2278 turns).

shmeve the Insei (Vampire Monk)                     Turns: 2278, Time: 00:07:07

Health: -1/36      AC:  7    Str: 10    XL:     4   Next: 69%
Magic:  4/4        EV: 15    Int: 12    God:
Gold:   235        SH:  0    Dex: 17    Spells: 0 memorised, 3 levels left

rFire  . . .     SeeInvis +       - Unarmed
rCold  . . .     Gourm    .     g - +0 ring mail (curse)
rNeg   . . .     Faith    .     (no shield)
rPois  .         Spirit   .     (no helmet)
rElec  .         Dismiss  .     l - +0 cloak
rCorr  .         Reflect  .     (no gloves)
SustAt .         Harm     .     r - +0 pair of boots
MR     .....                    (no amulet)
Stlth  ++........               (no ring)
                                s - +3 ring of evasion

@: lethally poisoned (-1 -> -5), regenerating quickly, slowed, very slow, not
resistant to hostile enchantments, unstealthy
A: fangs 3, see invisible, unbreathing
a: no special abilities


You were on level 4 of the Dungeon.
You were very full.

You visited 1 branch of the dungeon, and saw 4 of its levels.

You collected 235 gold pieces.

Inventory:

Armour
 g - a cursed +0 ring mail (worn)
 l - a +0 cloak (worn)
 r - a +0 pair of boots (worn)
Jewellery
 s - a +3 ring of evasion (left hand)
Wands
 t - a wand of acid (7/15)
Scrolls
 b - 2 scrolls of remove curse {unknown}
 c - a scroll of immolation {unknown}
 d - a scroll of enchant armour {unknown}
 f - 5 scrolls of identify {unknown}
 i - 2 scrolls of fear {unknown}
 j - a scroll of teleportation {unknown}
 p - a scroll of recharging {unknown}
 q - a scroll of random uselessness {unknown}
Potions
 a - 2 potions of degeneration {unknown}
 e - 2 potions of curing {unknown}
 h - a potion of magic {unknown}
 k - 4 potions of might {unknown}
 m - 8 potions of blood
 n - a potion of berserk rage {unknown}
 o - 2 potions of brilliance {unknown}
 u - a potion of flight {unknown}


   Skills:
 * Level 3.6 Fighting
 * Level 4.1 Dodging
 + Level 4.1 Stealth
 * Level 5.0 Unarmed Combat


You had 3 spell levels left.
You didn't know any spells.

Dungeon Overview and Level Annotations

Branches:
Dungeon (4/15)
 Temple: D:4-7

Altars:
Fedhas
Qazlal

Annotations:
D:4 chicagocrazy's ghost, amateur HOGl


Innate Abilities, Weirdness & Mutations

Your natural rate of healing is unusually fast.
You have razor-sharp teeth.
You have supernaturally acute eyesight. (SInv)
You can survive without breathing.


Message History

The scorpion stings you but does no damage.
Unknown command.
You hit the scorpion but do no damage.
The scorpion is severely wounded.
You feel sick. The giant newt barely misses you. The orc completely misses you.
Chicagocrazy's ghost hits you.
* * * LOW HITPOINT WARNING * * *
The orc hits you but does no damage. The scorpion closely misses you.
The giant newt barely misses you.
An orc comes into view. It is wielding a club.
You hit the scorpion but do no damage.
The scorpion is severely wounded.
You feel sick. The orc closely misses you.
The orc wizard hits you but does no damage.
Chicagocrazy's ghost barely misses you. The scorpion closely misses you.
The orc hits you with a club.
* * * LOW HITPOINT WARNING * * *
The giant newt closely misses you. The orc closely misses you.
Chicagocrazy's ghost hits you.
You die...

..(..(.....# #.
.......<...# .#
#..........# ..
...........## #.
##..........# #..
#..........#
.#.#..##..........#
.o....Woo.........#
......l@s.........#
.......o......###.#
......##......# #.#
../... #....#.# #.#
..... #.#.#...##.#
..... #.#.#...# .#
.... ......... ...#
.......###.
.##....#. ##


You could see a scorpion, an orc wizard, chicagocrazy's ghost, 3 orcs and a
giant newt.

Vanquished Creatures
  5 adders
  A worm (D:3)
  2 dart slugs (D:1)
  A giant gecko (D:2)
  4 orcs
  3 giant cockroaches
  6 goblins
  8 hobgoblins
  A jackal (D:2)
  9 kobolds
  A quokka (D:4)
  9 bats
  4 giant newts
  4 rats
58 creatures vanquished.

Notes
Turn   | Place    | Note
--------------------------------------------------------------
     0 | D:1      | shmeve the Vampire Monk began the quest for the Orb.
     0 | D:1      | Reached XP level 1. HP: 17/17 MP: 1/1
   293 | D:1      | Reached XP level 2. HP: 23/23 MP: 2/2
   736 | D:2      | Found a blossoming altar of Fedhas.
   740 | D:2      | Found a stormy altar of Qazlal.
   794 | D:2      | Reached XP level 3. HP: 29/29 MP: 3/3
  1617 | D:3      | Reached XP level 4. HP: 35/35 MP: 4/4
  1909 | D:3      | You fall through a shaft!
  2092 | D:3      | Reached skill level 5 in Unarmed Combat
  2273 | D:4      | Noticed chicagocrazy's ghost (amateur HOGl)
  2278 | D:4      | Slain by chicagocrazy's ghost

Vault maps used:
D:1:      lemuel_arrival_broad_hall
D:2:      grunt_temple_overflow_forces_of_nature, kennysheep_generic_room_3
D:3:      kennysheep_six_static_rooms, first_bread, nrook_mini_backslash
D:4:      kennysheep_mini_moat, temple_hall, minmay_crystal_room

Skill      XL: |  1  2  3  4 |
---------------+-------------+-----
Fighting       | 3 |  3.6
Dodging        | 4 |  4.1
Stealth        | 4 |  4.1
Unarmed Combat | 5 |  5.0

Action                   |  1- 3 |  4- 6 || total
-------------------------+-------+-------++-------
Melee: Unarmed           |   123 |    81 ||   204
       Bite              |     6 |     9 ||    15
       Punch             |     3 |     3 ||     6
  Use: Potion            |     2 |       ||     2
 Stab: Sleeping          |     4 |     2 ||     6
       Distracted        |     1 |       ||     1
  Eat: Corpse            |     8 |     5 ||    13
Armor: Robe              |     3 |       ||     3
       Ring mail         |    36 |    40 ||    76
Dodge: Dodged            |    95 |    80 ||   175
